 Dungeon Crawl Stone Soup version 0.32-a0-779-g362cfcae2a (webtiles) character file.

Game seed: 229227846911154556

9907 AutarchDCSS the Skirmisher (level 11, -5/89 HPs)
             Began as a Coglin Hunter on Mar 19, 2024.
             Was a Believer of Fedhas.
             Slain by a moth of wrath (shapeshifter) (11 damage)
             ... on level 11 of the Dungeon.
             The game lasted 00:23:48 (13123 turns).

AutarchDCSS the Skirmisher (Coglin Hunter)         Turns: 13123, Time: 00:23:48

Health: -5/89      AC: 13    Str: 13    XL:     11   Next: 53%
Magic:  14/14      EV: 14    Int:  8    God:    Fedhas [**....]
Gold:   231        SH:  0    Dex: 21    Spells: 10/10 levels left

rFire   . . .        a - +3 sling {Seoyun}
rCold   . . .        d - +0 sling {Wei}
rNeg    . . .        w - +0 ring mail "Aroat" {rPois Slay+3}
rPois   +            g - +0 helmet
rElec   .            y - +1 cloak
rCorr   .            M - +3 Mad Mage's Maulers {Infuse+∞ VampMP -Cast}
SInv    .            f - +0 pair of boots
Will    +....        (amulet unavailable) Stlth
                     (ring unavailable)
HPRegen 0.34/turn    (ring unavailable)
MPRegen 0.14/turn    (no gizmo)

%: no spellcasting, infuse magic (14 MP)
@: confused, ambrosia-drunk, attractive, enlightened, flying
A: off-hand wielding, slow wielding, warmup strikes, no jewellery
a: Invent Gizmo, Renounce Religion, Wall of Briars


You were on level 11 of the Dungeon.
You worshipped Fedhas.
Fedhas was pleased with you.
You visited 2 branches of the dungeon, and saw 12 of its levels.
You also visited: Gauntlet.

You collected 231 gold pieces.

Inventory:

Hand Weapons
 a - a +3 sling (weapon) {Seoyun}
 d - a +0 sling (offhand) {Wei}
Armour
 f - a +0 pair of boots (worn)
 g - a +0 helmet (worn)
 w - the +0 ring mail "Aroat" (worn) {rPois Slay+3}
   (You found it on level 4 of the Dungeon)

   Slay+3:    It affects your accuracy & damage with ranged weapons and melee
   (+3).
   rPois:     It protects you from poison.
 y - a +1 cloak (worn)
 I - a +0 troll leather armour
 M - the +3 Mad Mage's Maulers (worn) {Infuse+∞ VampMP -Cast}
   (You found it in a Gauntlet)

   Infuse+∞: It empowers its wearer's blows with all of their magic.
   VampMP:    Blows struck in melee replenish the wearer's magic.
   -Cast:     It prevents spellcasting.
Wands
 v - a wand of paralysis (17)
 B - a wand of polymorph (10)
Scrolls
 b - 2 scrolls of enchant weapon
 h - a scroll of amnesia {unknown}
 i - a scroll of vulnerability {unknown}
 m - 2 scrolls of enchant armour
 n - 2 scrolls of torment
 o - a scroll of noise {unknown}
 q - a scroll of summoning
 r - 3 scrolls of poison
 t - a scroll of fear
 u - 2 scrolls of teleportation
 A - 2 scrolls of immolation {unknown}
 F - a scroll of blinking
 G - 2 scrolls of identify
 H - a scroll of brand weapon {unknown}
 L - a scroll of revelation {unknown}
Potions
 e - a potion of berserk rage
 j - a potion of heal wounds
 k - 2 potions of cancellation
 x - a potion of brilliance {unknown}
 z - a potion of curing {unknown}
 C - a potion of magic
 D - a potion of resistance {unknown}
 E - 2 potions of lignification
 J - a potion of might {unknown}
 N - a potion of degeneration {unknown}
 O - a potion of haste {unknown}


   Skills:
 - Level 9.6 Fighting
 - Level 11.5 Ranged Weapons
 - Level 7.5 Dodging
 - Level 0.7 Stealth
 + Level 4.0 Invocations


You had 10 spell levels left.
You didn't know any spells.
Your spell library contained the following spells:

 Spells                   Type           Power      Damage    Failure   Level
 Freeze                   Ice            0%         1d3       67%         1
 Blink                    Tloc           0%         N/A       82%         2
 Lesser Beckoning         Tloc           0%         N/A       82%         2
 Mercury Vapours          Alch/Air       0%         N/A       82%         2
 Momentum Strike          Conj/Tloc      0%         3d8       82%         2
 Frozen Ramparts          Ice            0%         1d1       96%         3
 Hailstorm                Conj/Ice       0%         3d5       96%         3
 Mephitic Cloud           Conj/Alch/Air  0%         N/A       96%         3
 Passwall                 Erth           0%         N/A       96%         3
 Tukima's Dance           Hex            0%         N/A       96%         3
 Vampiric Draining        Necr           0%         2d6       96%         3
 Volatile Blastmotes      Fire/Tloc      0%         2d10      96%         3
 Passage of Golubria      Tloc           0%         N/A       100%        4
 Freezing Cloud           Conj/Ice/Air   0%         6-21      100%        5
 Yara's Violent Unravell  Hex/Alch       0%         3d3       100%        5
 Bombard                  Conj/Erth      0%         9d1       100%        6
 Haunt                    Necr/Summ      0%         N/A       100%        7
 Borgnjor's Revivificati  Necr           0%         N/A       100%        8


Dungeon Overview and Level Annotations

Branches:
Dungeon (11/15)            Temple (1/1) D:7            Lair (0/5) D:11
    Orc (0/2) D:10        Gauntlet (visited)

Altars:
Ashenzari
Cheibriados
Dithmenos
Elyvilon
Fedhas
Gozag
Hepliaklqana
Kikubaaqudgha
Makhleb
Nemelex Xobeh
Okawaru
Qazlal
Ru
Sif Muna
Trog
Uskayaw
Vehumet
Wu Jian
Xom
Yredelemnul
Zin
The Shining One

Shops:
D:1 [   D:5 :

Annotations:
D:11 Maurice


Innate Abilities, Weirdness & Mutations

You can wield a second weapon in your off-hand.
It takes a long time for you to wield or remove held weapons.
Your first few attacks do less damage.
You cannot equip rings or amulets.


Message History

You shoot a sling bullet. The sling bullet hits Maurice!
Maurice is moderately wounded.
You shoot a sling bullet.
The sling bullet completely misses Maurice.
Something barely misses you.
Maurice zaps a wand.
The bolt of light hits you.
You are confused.
You shoot a sling bullet. x2; Something hits you but does no damage.
Maurice hits you with a +1 short sword of electrocution!
Maurice steals your 2 throwing nets!
You are electrocuted!
Maurice bites you!
You feel your power leaking away. Maurice drains your magic.
You shoot a sling bullet. x2; A polar bear appears out of thin air!
Reactivating autopickup.
Maurice mumbles some strange words.
Maurice flickers and vanishes!
Deactivating autopickup; reactivate with Ctrl-A.
You shoot a sling bullet. x2; Something hits you.
Something steals 432 gold pieces!
You now have 231 gold pieces.
Something bites you.
* * * LOW HITPOINT WARNING * * *
You feel your power leaking away. Something drains your magic.
It was a potion of attraction.
You feel attractive to monsters.
You feel less confused.
The polar bear changes into a moth of wrath!
Something hits you but does no damage. Something bites you but does no damage.
It was a potion of ambrosia.
You are confused.
You feel invigorated. The moth of wrath bites you!
* * * LOW HITPOINT WARNING * * *
You hear a zap.
A bolt of light appears from out of thin air!
The bolt of light hits you!
* * * LOW HITPOINT WARNING * * *
You are too confused!
It was a potion of enlightenment.
You feel very buoyant.
You fly up into the air.
The moth of wrath bites you!
You die...
Fedhas appreciates your contribution to the ecosystem.

###....#.#.# #..
... #....#.#.#
### ###.
##.#.#.#.# #.
#.......# #.
###.#...########
#.
###.............
......#.########
...######{..#.#
.......y@..##.#
..!######....##
#..### #..# #..#
#..# #..# #..#
#...


You could see a moth of wrath shaped shifter.

Vanquished Creatures
  3 two-headed ogres
  A cyclops (D:11)
  5 trolls
  A hornet (D:8)
  A raiju (Gauntlet)
  3 wyverns
  A wraith (D:10)
  5 yaks
  A steam dragon (Gauntlet)
  A chaos spawn (Gauntlet)
  A neqoxec (Gauntlet)
  Duvessa (D:4)
  An acid dragon (D:9)
  2 water moccasins
  A sky beast (D:7)
  2 black bears
  6 orc warriors
  An ice beast (D:7)
  4 ogres
  A phantom (D:6)
  2 centaurs
  3 bullfrogs
  2 scorpions
  3 gnoll sergeants
  3 wights (D:9)
  Dowan (D:4)
  13 killer bees
  3 howler monkeys
  A bombardier beetle (D:4)
  A jelly (D:6)
  6 orc priests
  2 hounds (D:4)
  14 orc wizards
  3 iguanas
  16 gnolls
  12 adders
  4 shadow imps
  4 ufetubi
  A ribbon worm (D:5)
  A dart slug (D:1)
  40 orcs
  6 bats
  4 endoplasms
  4 giant cockroaches
  6 goblins
  5 hobgoblins
  4 jackals (D:3)
  10 kobolds
  A quokka (D:2)
  5 ball pythons
  2 frilled lizards
  2 rats (D:1)
226 creatures vanquished.

Vanquished Creatures (collateral kills)
  A chaos spawn (Gauntlet)
  An ogre (D:10)
  A kobold brigand (D:10)
3 creatures vanquished.

Vanquished Creatures (others)
  A quokka (D:4)
1 creature vanquished.

Grand Total: 230 creatures vanquished

Notes
Turn   | Place    | Note
-------+----------+-------------------------------------------
     0 | D:1      | AutarchDCSS the Coglin Hunter began the quest for the Orb.
     0 | D:1      | Reached XP level 1. HP: 16/16 MP: 1/1
    42 | D:1      | Reached XP level 2. HP: 22/22 MP: 2/2
    53 | D:1      | Reached skill level 4 in Ranged Weapons
   216 | D:1      | Reached XP level 3. HP: 28/28 MP: 3/3
   357 | D:1      | Found Fisaixzu's Armour Shoppe.
   747 | D:2      | Reached XP level 4. HP: 34/34 MP: 4/4
  1048 | D:3      | Reached skill level 5 in Ranged Weapons
  1055 | D:3      | Reached XP level 5. HP: 41/41 MP: 5/5
  1536 | D:3      | Found a sparkling altar of Nemelex Xobeh.
  1552 | D:3      | Found a broken altar of Ashenzari.
  1556 | D:3      | Found a basalt altar of Yredelemnul.
  2089 | D:4      | Reached XP level 6. HP: 48/48 MP: 6/6
  2239 | D:4      | Reached skill level 6 in Ranged Weapons
  2285 | D:4      | Reached XP level 7. HP: 7/55 MP: 7/7
  2703 | D:4      | Noticed Duvessa
  2703 | D:4      | Noticed Dowan
  2712 | D:4      | Killed Duvessa
  2722 | D:4      | Killed Dowan
  2880 | D:4      | Reached skill level 5 in Fighting
  2880 | D:4      | Reached skill level 7 in Ranged Weapons
  3074 | D:4      | Identified the +0 ring mail "Aroat" {rPois Slay+3}
  3630 | D:5      | Entered Level 5 of the Dungeon
  3645 | D:4      | Reached XP level 8. HP: 41/62 MP: 8/8
  4038 | D:5      | Found Ziago's Book Shop.
  4053 | D:5      | Reached skill level 8 in Ranged Weapons
  4062 | D:5      | Noticed a yak
  4067 | D:5      | Killed a yak
  4354 | D:5      | Reached skill level 9 in Ranged Weapons
  4767 | D:6      | Reached XP level 9. HP: 41/69 MP: 9/9
  5426 | D:7      | Found a staircase to the Ecumenical Temple.
  5455 | Temple   | Entered the Ecumenical Temple
  5710 | Temple   | Became a worshipper of Fedhas Madash
  6428 | D:8      | Reached skill level 10 in Ranged Weapons
  6439 | D:8      | Reached * piety under Fedhas
  7197 | D:8      | Reached skill level 5 in Dodging
  7326 | D:8      | Noticed a hornet
  7353 | D:7      | Reached XP level 10. HP: 12/79 MP: 10/10
  8110 | D:8      | Paralysed by an orc wizard for 4 turns
  9018 | D:9      | Reached ** piety under Fedhas
  9398 | D:9      | Noticed a two-headed ogre
  9402 | D:9      | Killed a two-headed ogre
  9403 | D:9      | Reached skill level 11 in Ranged Weapons
  9885 | D:10     | Entered Level 10 of the Dungeon
 10369 | D:10     | Noticed a two-headed ogre
 10376 | D:10     | Killed a two-headed ogre
 10377 | D:10     | Reached XP level 11. HP: 71/89 MP: 11/11
 10514 | D:10     | Found a staircase to the Orcish Mines.
 11729 | D:11     | Noticed a cyclops
 11729 | D:11     | Found a gate leading to a gauntlet.
 11741 | D:11     | Killed a cyclops
 11742 | D:11     | Reached skill level 1 in Invocations
 11750 | Gauntlet | Entered a Gauntlet
 11750 | Gauntlet | Found a transporter.
 11750 | Gauntlet | Found a transporter.
 11887 | Gauntlet | Found a transporter.
 11892 | Gauntlet | Noticed a sixfirhy
 11900 | Gauntlet | Found a transporter.
 11913 | Gauntlet | Found a transporter.
 11915 | Gauntlet | Found a transporter.
 11921 | Gauntlet | Found a transporter.
 11925 | Gauntlet | Found a transporter.
 11925 | Gauntlet | Found a transporter.
 11926 | Gauntlet | Noticed a balrug
 11928 | Gauntlet | Found a transporter.
 11952 | Gauntlet | Noticed a large abomination
 11961 | Gauntlet | Noticed a large abomination
 11974 | Gauntlet | Found a transporter.
 11976 | Gauntlet | Found a large runed translucent door.
 11977 | Gauntlet | Found a large runed translucent door.
 11979 | Gauntlet | Found a runed translucent gate.
 12002 | Gauntlet | Found the +3 Mad Mage's Maulers {Infuse+∞ VampMP -Cast}
 12004 | Gauntlet | Found a transporter.
 12006 | Gauntlet | Found a large runed translucent door.
 12007 | Gauntlet | Found a large runed translucent door.
 12008 | Gauntlet | Found a large runed translucent door.
 12008 | Gauntlet | Found a large runed translucent door.
 12008 | Gauntlet | Found a large runed translucent door.
 12009 | Gauntlet | Found a runed translucent door.
 12128 | Gauntlet | Found a transporter.
 12132 | Gauntlet | Found a runed translucent door.
 12134 | Gauntlet | Found a large runed translucent door.
 12136 | Gauntlet | Found a large runed translucent door.
 12136 | Gauntlet | Found a large runed translucent door.
 12136 | Gauntlet | Found a large runed translucent door.
 12136 | Gauntlet | Found a large runed translucent door.
 12137 | Gauntlet | Found a large runed translucent door.
 12137 | Gauntlet | Found a large runed translucent door.
 12138 | Gauntlet | Found a large runed translucent door.
 12138 | Gauntlet | Found a large runed translucent door.
 12176 | Gauntlet | Found a runed translucent gate.
 12176 | Gauntlet | Found a runed translucent gate.
 12177 | Gauntlet | Found a transporter.
 12405 | Gauntlet | Identified the ring of the Peasants {rF+ rC+ rN+}
 12737 | Gauntlet | Noticed a minotaur
 12764 | Gauntlet | Got Kikubaaqudgha's Quarto of Exhumation
 12782 | D:11     | Noticed a two-headed ogre
 12791 | D:11     | Killed a two-headed ogre
 12978 | D:11     | Noticed an oklob plant
 12983 | D:11     | Found a staircase to the Lair.
 13102 | D:11     | Noticed Maurice
 13114 | D:11     | Maurice stole a sack of spiders
 13118 | D:11     | Maurice stole 2 throwing nets
 13120 | D:11     | Something stole 432 gold
 13121 | D:11     | a polar bear changed into a moth of wrath
 13121 | D:11     | Noticed a moth of wrath (shapeshifter)
 13122 | D:11     | HP: 1/89 [something/bolt of light (14)]
 13123 | D:11     | Slain by a moth of wrath (shapeshifter)

Illustrated notes

Levels and vault maps discovered:
D:1:      minmay_arrival_up_and_down, layout_rooms, serial_shops,
          nicolae_shop_tiny_real_fake_doors, corexii_corridor_pit
D:2:      layout_rooms, feat_on_display
D:3:      layout_basic, minitemple
D:4:      layout_gridville, minmay_crystal_room, minmay_misc_feat_four_crosses,
          uniq_duvessa
D:5:      cheibrodos_helix_gallery, layout_loops_cross, serial_shops,
          nicolae_shop_real_fake_doors
D:6:      layout_rooms, bh_walls_and_bars
D:7:      layout_cave_pools, minmay_temple_entry_junction_2,
          chequers_hall_statues_y
D:8:      layout_basic
D:9:      layout_irregular_city
D:10:     layout_grid_maze, kennysheep_orc_monster_closet_entryway
D:11:     layout_loops_ring, dpeg_oklobed_lair, gauntlet_entry_generic,
          uniq_maurice
Temple:   hellmonk_temple_of_storms

Skill      XL: |  1  2  3  4  5  6  7  8  9 10 11 |
---------------+----------------------------------+-----
Ranged Weapons | 4 5 6 7 9 10 11 | 11.5
Fighting       | 3 4 5 7 9 |  9.6
Dodging        | 3 5 7 |  7.5
Invocations    | 4 |  4.0
Stealth        | |  0.7

Action                     |  1- 3 |  4- 6 |  7- 9 | 10-12 || total
---------------------------+-------+-------+-------+-------++-------
   Fire: Sling             |   122 |   224 |   484 |   778 ||  1608
 Invoke: Wall of Briars    |       |       |       |     8 ||     8
  Evoke: Wand              |       |       |     1 |       ||     1
    Use: Scroll            |       |       |    10 |     3 ||    13
         Potion            |       |       |       |     7 ||     7
 Armour: Leather armour    |     5 |    44 |    17 |       ||    66
         Ring mail         |       |       |    85 |   191 ||   276
  Dodge: Dodged            |     4 |    27 |    56 |   146 ||   233

Table legend: (Time is in decaauts)
 A = Elapsed time spent in this place.
 B = Non-inter-level travel time spent in this place.
 C = Inter-level travel time spent in this place.
 D = Time resting spent in this place.
 E = Time spent auto-exploring this place.
 F = Levels seen in this place.
 G = Mean time per level.
                   A        B        C        D        E       F      G
               +--------+--------+--------+--------+--------+-----+--------+
         Total |  13169 |  12773 |    396 |   4575 |   6274 |  13 | 1013.0 |
       Dungeon |  11884 |  11507 |    377 |   3749 |   6274 |  11 | 1080.4 |
        Temple |    265 |    246 |     19 |    239 |      0 |   1 |  265.0 |
      Gauntlet |   1020 |   1020 |      0 |    586 |      0 |   1 | 1020.0 |
               +--------+--------+--------+--------+--------+-----+--------+

Top non-repeatable levels by time:
     D:7: 2135 daAuts
     D:4: 1866 daAuts
     D:9: 1622 daAuts
    D:10: 1399 daAuts
     D:3: 1154 daAuts
     D:8: 1146 daAuts
Gauntlet: 1020 daAuts
     D:5: 713 daAuts
     D:1: 567 daAuts
     D:6: 516 daAuts
     D:2: 391 daAuts
    D:11: 371 daAuts
  Temple: 265 daAuts
